AoeStats
← _The_Lion

Arabia

506565101Analyzed
1v1 RM · 20d ago on Sep 14, 2026· 37m 5s· 2 players
Game mode
Random Map
Map size
Tiny (2 player)
Population
200
Speed
Normal
Resources
Standard
Victory
Conquest
Starting age
Dark Age
Ending age
Imperial Age
RankedLock teamsTeams togetherTeam positionsShared explorationLock speedFull tech treeHidden civsTurbo modeCheats
Victory
Defeat
🇨🇦 Malay · Canada
1710
+14
🇳🇿 Vietnamese · New Zealand
1675
-14
Killing_Bambi
6:07 Loom
9:19 Feudal Age
9:22 Man-at-Arms
13:20 Fletching
14:00 Double-Bit Axe
18:36 Padded Archer Armor
19:44 Wheelbarrow
23:10 Castle Age
21:16 Horse Collar
21:26 Gold Mining
24:05 Bodkin Arrow
25:16 Bloodlines
26:18 Bow Saw
26:39 Leather Archer Armor
26:26 Heavy Plow
26:43 Hand Cart
30:30 Ballistics
30:09 Town Watch
34:11 Thumb Ring
_The_Lion
6:11 Loom
9:30 Feudal Age
9:50 Man-at-Arms
15:15 Fletching
17:45 Double-Bit Axe
23:12 Castle Age
21:38 Padded Archer Armor
22:14 Crossbowman
22:58 Bodkin Arrow
25:12 Bow Saw
27:13 Ballistics
28:49 Thumb Ring
30:19 Wheelbarrow
37:05 Imperial Age
35:31 Town Watch
35:28 Horse Collar
35:44 Gold Mining
36:20 Arbalester
37:17 Bracer
38:27 Chemistry
Connection lost

Rejoining the realm…

Still unreachable

The connection could not be restored.

Session expired

The server has moved on; the page needs a fresh start.